 Dungeon Crawl Stone Soup version 0.29-a0-994-gc5c9f59d18 (webtiles) character file.

Game seed: 6742039315185752764

233 vurker the Shooter (level 5, -1/46 HPs)
             Began as a Minotaur Hunter on Aug 3, 2022.
             Was a Believer of Makhleb.
             Hit by a stone thrown by a gnoll (3 damage)
             ... on level 2 of the Dungeon.
             The game lasted 00:03:06 (2462 turns).

vurker the Shooter (Minotaur Hunter)                Turns: 2462, Time: 00:03:06

Health: -1/46      AC:  3    Str: 16 (18) XL:     5   Next: 75%
Magic:  0/5        EV: 12    Int:  5 (6)  God:    Makhleb [**....]
Gold:   159        SH:  0    Dex: 12 (13) Spells: 4/4 levels left

rFire   . . .      SeeInvis .   a - +0 shortbow
rCold   . . .      Faith    .   (shield currently unavailable)
rNeg    . . .      Spirit   +   c - +0 leather armour
rPois   .          Reflect  .   (helmet restricted)
rElec   .          Harm     .   (no cloak)
rCorr   .          Rampage  .   (no gloves)
Will    .....                   (no boots)
Stlth   +.........              e - amulet of guardian spirit
HPRegen 0.15/turn               (no ring)
MPRegen 0.09/turn               (no ring)

@: no status effects
A: horns 2, retaliatory headbutt
a: Renounce Religion, Minor Destruction


You were on level 2 of the Dungeon.
You worshipped Makhleb.
Makhleb was pleased with you.
You visited 1 branch of the dungeon, and saw 2 of its levels.

You collected 159 gold pieces.

Inventory:

Hand Weapons
 a - a +0 shortbow (weapon)
Armour
 c - a +0 leather armour (worn)
Jewellery
 e - an amulet of guardian spirit (around neck)
   (You found it on level 1 of the Dungeon)
Scrolls
 b - 2 scrolls of immolation
 d - 2 scrolls of teleportation {unknown}
 f - a scroll of noise {unknown}
 g - 3 scrolls of brand weapon {unknown}
 i - a scroll of acquirement {unknown}
 m - a scroll of identify {unknown}
Potions
 h - a potion of flight {unknown}
 l - a potion of haste
 n - a potion of lignification {unknown}


   Skills:
 + Level 4.2 Fighting
 * Level 6.5 Ranged Weapons
 - Level 2.1 Dodging
 - Level 0.7 Stealth
 + Level 2.0 Invocations


You had 4 spell levels left.
You didn't know any spells.
Your spell library was empty.

Dungeon Overview and Level Annotations

Branches:
Dungeon (2/15)

Altars:
Makhleb


Innate Abilities, Weirdness & Mutations

You have a pair of horns on your head.
You reflexively headbutt those who attack you in melee.


Message History

You shoot an arrow. The arrow barely misses the gnoll.
Your extra speed is starting to run out.
Fire: a) +0 shortbow
Aim: a gnoll, wielding a +0 spear (66% to hit)
You shoot an arrow. The arrow hits the gnoll!
Fire: a) +0 shortbow
Aim: a gnoll, wielding a +0 spear (heavily wounded, 66% to hit)
You shoot an arrow. The arrow hits the gnoll!
You kill the gnoll!
Makhleb accepts your kill.
You feel better.
The gnoll throws a stone.
The stone hits you.
* * * LOW HITPOINT WARNING * * *
Fire: a) +0 shortbow
Aim: a gnoll, wielding a +0 flail and quivering stones (66% to hit)
You shoot an arrow. The arrow barely misses the gnoll.
The gnoll throws a stone.
The stone hits you.
* * * LOW HITPOINT WARNING * * *
Fire: a) +0 shortbow
Aim: a gnoll, wielding a +0 flail and quivering stones (66% to hit)
You shoot an arrow. The arrow barely misses the gnoll.
The gnoll throws a stone.
The stone hits you.
* * * LOW HITPOINT WARNING * * *
Fire: a) +0 shortbow
Aim: a gnoll, wielding a +0 flail and quivering stones (66% to hit)
You shoot an arrow. The arrow hits the gnoll.
The gnoll throws a stone.
The stone hits you.
* * * LOW HITPOINT WARNING * * *
Fire: a) +0 shortbow
Aim: a gnoll, wielding a +0 flail and quivering stones (moderately wounded, 66% to hit)
You shoot an arrow. The arrow hits the gnoll.
The gnoll throws a stone.
The stone hits you.
* * * LOW HITPOINT WARNING * * *
Fire: a) +0 shortbow
Aim: a gnoll, wielding a +0 flail and quivering stones (heavily wounded, 66% to hit)
You shoot an arrow.
The arrow hits the gnoll but does no damage.
You feel yourself slow down.
Fire: a) +0 shortbow
Aim: a gnoll, wielding a +0 flail and quivering stones (heavily wounded, 66% to hit)
You shoot an arrow.
The arrow hits the gnoll but does no damage.
Fire: a) +0 shortbow
Aim: a gnoll, wielding a +0 flail and quivering stones (heavily wounded, 66% to hit)
You shoot an arrow. The arrow closely misses the gnoll.
Fire: a) +0 shortbow
Aim: a gnoll, wielding a +0 flail and quivering stones (heavily wounded, 66% to hit)
You shoot an arrow. The arrow hits the gnoll.
The gnoll throws a stone.
The stone hits you.
You die...

#..........# #g# #....#
##########.# #.# ####.#
#.# #g# #.# #.# #g# #g#
#.# #.# #.# ########.# #:#
#g# #........# #...gg.#.#
#.######################.#
#.#.).......@...g).......#
#.#.######################
#.#.# #.#.# #.#.# #.#.#
#...# #####


You could see a gnoll.

Vanquished Creatures
  3 jellies (D:2)
  Robin (D:2)
  3 gnolls (D:2)
  3 worms (D:2)
  A dart slug (D:2)
  15 endoplasms
  A giant cockroach (D:2)
  14 goblins
  6 hobgoblins
  2 jackals (D:1)
  2 quokkas (D:2)
  7 ball pythons
  8 bats
  5 frilled lizards (D:1)
  13 kobolds
  3 rats
87 creatures vanquished.

Vanquished Creatures (others)
  3 fungi (D:2)
  6 plants (D:2)
  8 toadstools (D:2)
17 creatures vanquished.

Grand Total: 104 creatures vanquished

Notes
Turn   | Place    | Note
-------+----------+-------------------------------------------
     0 | D:1      | vurker the Minotaur Hunter began the quest for the Orb.
     0 | D:1      | Reached XP level 1. HP: 18/18 MP: 0/0
   185 | D:1      | Reached XP level 2. HP: 25/25 MP: 1/1
   375 | D:1      | Reached skill level 5 in Ranged Weapons
   785 | D:1      | Reached XP level 3. HP: 31/31 MP: 2/2
  1126 | D:1      | Found a faded altar of an unknown god.
  1240 | D:1      | Prayed at the altar of an unknown god.
  1240 | D:1      | Became a worshipper of Makhleb the Destroyer
  1240 | D:1      | Reached * piety under Makhleb
  1657 | D:2      | Reached skill level 1 in Invocations
  1657 | D:2      | Reached XP level 4. HP: 25/38 MP: 1/3
  1844 | D:2      | Reached skill level 6 in Ranged Weapons
  1847 | D:2      | Reached ** piety under Makhleb
  1848 | D:2      | Reached XP level 5. HP: 46/46 MP: 3/5
  2151 | D:2      | Noticed Robin
  2161 | D:2      | Killed Robin
  2458 | D:2      | HP: 2/46 [gnoll/stone (2)]
  2462 | D:2      | Hit by a stone thrown by a gnoll

Illustrated notes

Levels and vault maps discovered:
D:1:      amcnicky_arrival_abandoned_market, layout_loops_ring,
          basic_ecumenical_altar, minmay_misc_feat_square,
          hangedman_feature_mirror
D:2:      cheibrodos_fertilizer, layout_basic, serial_bayou_pond_c, uniq_robin

Skill      XL: |  1  2  3  4  5 |
---------------+----------------+-----
Fighting       | 3 4 |  4.2
Ranged Weapons | 5 6 |  6.5
Invocations    | 1 2 |  2.0
Dodging        | |  2.1
Stealth        | |  0.7

Action                   |  1- 3 |  4- 6 || total
-------------------------+-------+-------++-------
 Fire: Shortbow          |   144 |   120 ||   264
  Use: Potion            |       |     3 ||     3
Armor: Leather armour    |    20 |    13 ||    33
Dodge: Dodged            |    58 |    31 ||    89

Table legend: (Time is in decaauts)
 A = Elapsed time spent in this place.
 B = Non-inter-level travel time spent in this place.
 C = Inter-level travel time spent in this place.
 D = Time resting spent in this place.
 E = Time spent auto-exploring this place.
 F = Levels seen in this place.
 G = Mean time per level.
                   A        B        C        D        E       F      G
               +--------+--------+--------+--------+--------+-----+--------+
         Total |   2512 |   2453 |     59 |      0 |   1954 |   2 | 1256.0 |
       Dungeon |   2512 |   2453 |     59 |      0 |   1954 |   2 | 1256.0 |
               +--------+--------+--------+--------+--------+-----+--------+

Top non-repeatable levels by time:
     D:1: 1298 daAuts
     D:2: 1214 daAuts
